 Dungeon Crawl Stone Soup version 0.22-a0-166-g5351223 (webtiles) character file.

155 Azzok the Firebug (level 5, -3/28 HPs)
             Began as a Deep Elf Fire Elementalist on Feb 13, 2018.
             Slain by Grinder (9 damage)
             ... while paralysed by Grinder
             ... on level 4 of the Dungeon.
             The game lasted 00:06:03 (3563 turns).

Azzok the Firebug (Deep Elf Fire Elementalist)      Turns: 3563, Time: 00:06:03

Health: -3/28      AC:  2    Str:  5    XL:     5   Next: 14%
Magic:  2/11       EV:  2    Int: 21    God:
Gold:   242        SH:  0    Dex: 15    Spells: 2/10 levels left

rFire    . . .     SeeInvis .   o - -1 spear (curse)
rCold    . . .     Gourm    .   (no shield)
rNeg     . . .     Faith    .   a - +0 robe
rPois    .         Spirit   .   (no helmet)
rElec    .         Reflect  .   (no cloak)
rCorr    .         Harm     .   (no gloves)
MR       .....                  (no boots)
Stlth    ++........             (no amulet)
HPRegen  0.09/turn              (no ring)
MPRegen  0.12/turn              (no ring)

@: paralysed, very slightly contaminated
A: no striking features
a: no special abilities


You were on level 4 of the Dungeon.
You were not hungry.

You visited 1 branch of the dungeon, and saw 4 of its levels.

You collected 242 gold pieces.

Inventory:

Hand Weapons
 o - a cursed -1 spear (weapon)
Armour
 a - a +0 robe (worn)
 n - a +2 buckler
Scrolls
 e - 2 scrolls of noise
 f - a scroll of remove curse {unknown}
 g - 2 scrolls of magic mapping
 h - 2 scrolls of teleportation
 i - a scroll of enchant weapon
 p - a scroll of enchant armour {unknown}
Potions
 j - 2 potions of mutation {!q}
 k - a potion of ambrosia
 l - a potion of might {unknown}
 m - a potion of cancellation {unknown}
Books
 b - a book of Flames

   Spells                             Type                      Level
   a - Flame Tongue                   Conjuration/Fire             1
   b - Throw Flame                    Conjuration/Fire             2
   c - Conjure Flame                  Conjuration/Fire             3
   d - Inner Flame                    Hexes/Fire                   3
   e - Sticky Flame                   Conjuration/Fire             4
   f - Fireball                       Conjuration/Fire             5
Comestibles
 c - 6 rations
 d - 5 chunks of flesh


   Skills:
 - Level 2.4 Dodging
 - Level 2.4 Stealth
 + Level 0.9 Shields
 - Level 3.0 Spellcasting
 + Level 3.7 Conjurations
 + Level 5.0 Fire Magic


You had 2 spell levels left.
You knew the following spells:

 Your Spells              Type           Power        Failure   Level  Hunger
a - Flame Tongue          Conj/Fire      ###..        2%          1    None
b - Conjure Flame         Conj/Fire      ###.....     7%          3    ###....
c - Sticky Flame          Conj/Fire      ###.....     22%         4    ####...


Dungeon Overview and Level Annotations

Branches:
Dungeon (4/15)
 Temple: D:4-7

Altars:
Dithmenos
Elyvilon
The Shining One

Annotations:
D:4 Grinder


Message History

Confirm with . or Enter, or press ? or * to list all spells.
Aiming: Flame Tongue (safe; 2% risk of failure)
Press: ? - help, Shift-Dir - straight line, f/p - Grinder
Aim: Grinder (heavily wounded, covered in liquid flames)
The flame tongue hits Grinder.
Grinder is heavily wounded.
* * * LOW MAGIC WARNING * * *
Grinder burns!
Grinder gestures at you. Pain shoots through your body!
Ouch! That really hurt!
* * * LOW HITPOINT WARNING * * *
Grinder burns!
Grinder stops burning.
Casting: Flame Tongue (safe; 2% risk of failure)
Confirm with . or Enter, or press ? or * to list all spells.
You don't have enough magic to cast that spell.
Grinder gestures at you.
You suddenly lose the ability to move!
Grinder hits you!
You die...

♣♣ ·♣ ·♣
♣♣♣ $♣
♣♣♣·♣♣♣♣·♣
♣····♣···♣
♣♣··♣·@5··♣
♣··♣♣♣···♣♣
▒· ♣··♣
♣·♣♣♣ ▒·▒
♣♣·♣♣ ♣·♣
▒·▒ ··♣
♣··♣ ♣♣♣
▒·▒ ♣·♣
♣♣··♣ ▒·▒
▒▒▒▒▒ ♣·♣
♣·)♣♣
▒·▒▒▒···▒
♣·♣ ♣♣··♣
▒·▒▒··▒▒▒
♣·♣ ♣··♣♣
♣♣♣▒····▒▒


You could see Grinder.

Vanquished Creatures
  A scorpion (D:4)
  An adder (D:2)
  An ooze (D:1)
  An adder skeleton (D:4)
  3 worms
  3 dart slugs
  5 leopard geckos
  An orc (D:4)
  2 giant cockroaches
  3 goblins
  7 hobgoblins
  15 jackals
  A ball python (D:4)
  A ball python skeleton (D:4)
  6 bats
  3 frilled lizards (D:2)
  6 kobolds
  3 rats
63 creatures vanquished.

Notes
Turn   | Place    | Note
-------+----------+-------------------------------------------
     0 | D:1      | Azzok the Deep Elf Fire Elementalist began the quest for the Orb.
     0 | D:1      | Reached XP level 1. HP: 10/10 MP: 6/6
   131 | D:1      | Reached XP level 2. HP: 7/15 MP: 1/8
   547 | D:1      | Reached skill level 4 in Fire Magic
   980 | D:1      | Reached XP level 3. HP: 14/19 MP: 4/9
  1044 | D:1      | Learned a level 3 spell: Conjure Flame
  1864 | D:2      | Reached XP level 4. HP: 19/24 MP: 5/10
  2226 | D:2      | Learned a level 4 spell: Sticky Flame
  2245 | D:2      | Found a white marble altar of Elyvilon.
  2251 | D:2      | Found a shadowy altar of Dithmenos.
  2271 | D:2      | Found a glowing golden altar of the Shining One.
  3178 | D:4      | Reached XP level 5. HP: 11/28 MP: 7/11
  3481 | D:4      | Reached skill level 5 in Fire Magic
  3551 | D:4      | Noticed Grinder
  3561 | D:4      | Paralysed by Grinder for 4 turns
  3563 | D:4      | Slain by Grinder

Vault maps used:
D:1:      zelgadis_glass_arrival_large, minivault_26
D:2:      grunt_temple_overflow_diamond, first_ration, hex_medium
D:4:      kb_forest_paths, grunt_temple_overflow_lords_of_destruction,
          ashenzari_altar_1, temple_hall, uniq_grinder, uniq_natasha

Skill      XL: |  1  2  3  4  5 |
---------------+----------------+-----
Conjurations   | 2 3 |  3.7
Fire Magic     | 4 5 |  5.0
Dodging        | |  2.4
Stealth        | |  2.4
Shields        | |  0.9
Spellcasting   | |  3.0

Action                   |  1- 3 |  4- 6 || total
-------------------------+-------+-------++-------
Melee: Unarmed           |     4 |     1 ||     5
 Cast: Flame Tongue      |    68 |    52 ||   120
       Sticky Flame      |       |     2 ||     2
  Use: Scroll            |       |     7 ||     7
       Potion            |       |     1 ||     1
  Eat: Chunk             |     3 |     2 ||     5
       Ration            |       |     1 ||     1
Armor: Robe              |    11 |     1 ||    12
Dodge: Dodged            |    37 |    12 ||    49

Table legend:
 A = Spawn XP
 B = Non-spawn XP
 C = Spawn XP percentage of total XP
 D = Spawn monster count
 E = Non-spawn monster count
 F = Spawn count percentage of total count
 G = Total turns spent on level
                    A         B        C        D         E        F      G
               +---------+---------+-------+---------+---------+-------+---------
         Total |       0 |     222 |   0.0 |       0 |      63 |   0.0 |  3563
               +---------+---------+-------+---------+---------+-------+---------
           D:1 |       0 |      59 |   0.0 |       0 |      26 |   0.0 |  1414
           D:2 |       0 |      55 |   0.0 |       0 |      22 |   0.0 |   923
           D:3 |       0 |      16 |   0.0 |       0 |       8 |   0.0 |   727
           D:4 |       0 |      92 |   0.0 |       0 |       7 |   0.0 |   499
               +---------+---------+-------+---------+---------+-------+---------
